 Dungeon Crawl Stone Soup version 0.23-a0-163-g800ba1ec23 (webtiles) character file.

59 Napalmbreeze the Firebug (level 3, 0/19 HPs)
             Began as a Deep Elf Fire Elementalist on Sept 7, 2018.
             Killed from afar by an orc wizard (10 damage)
             ... with a puff of flame
             ... on level 4 of the Dungeon on Sept 9, 2018.
             The game lasted 00:14:42 (2856 turns).

Napalmbreeze the Firebug (DEFE)                     Turns: 2856, Time: 00:14:43

Health: 0/19       AC:  5    Str:  5    XL:     3   Next: 78%
Magic:  3/10       EV: 13    Int: 20    God:
Gold:   174        SH:  0    Dex: 15    Spells: 8/9 levels left

rFire    . . .     SeeInvis .   q - +0 hunting sling
rCold    . . .     Gourm    .   (no shield)
rNeg     . . .     Faith    .   a - +0 robe
rPois    .         Spirit   .   d - +2 hat
rElec    .         Reflect  .   w - scarf {cloud immunity}
rCorr    .         Harm     .   (no gloves)
MR       .....                  o - +0 pair of boots
Stlth    ++........             (no amulet)
HPRegen  0.06/turn              (no ring)
MPRegen  0.12/turn              (no ring)

@: very slightly contaminated
A: no striking features
a: no special abilities


You were on level 4 of the Dungeon.
You were near starving.

You visited 1 branch of the dungeon, and saw 4 of its levels.

You collected 174 gold pieces.

Inventory:

Hand Weapons
 h - a +0 short sword
 q - a +0 hunting sling (weapon)
Missiles
 e - 127 stones (quivered)
Armour
 a - a +0 robe (worn)
 d - a +2 hat (worn)
 n - a +0 cloak
 o - a +0 pair of boots (worn)
 w - a scarf of cloud immunity (worn)
Wands
 r - a wand of iceblast (12)
 s - a wand of polymorph (15)
Scrolls
 b - 3 scrolls of teleportation {unknown}
 g - a scroll of enchant armour {unknown}
 l - a scroll of identify {unknown}
 m - 2 scrolls of remove curse {unknown}
 t - 3 scrolls of fog {unknown}
 u - a scroll of enchant weapon {unknown}
Potions
 f - 4 potions of curing {unknown}
 i - a potion of might {unknown}
 j - 3 potions of heal wounds {unknown}
 k - 2 potions of lignification {unknown}
 p - a potion of haste {unknown}
 v - 2 potions of agility {unknown}
 x - a potion of flight {unknown}
Comestibles
 c - 5 rations


   Skills:
 - Level 2.4 Dodging
 - Level 2.4 Stealth
 + Level 3.8 Spellcasting
 * Level 3.1 Conjurations
 + Level 3.8 Fire Magic


You had 8 spell levels left.
You knew the following spells:

 Your Spells              Type           Power        Failure   Level  Hunger
a - Flame Tongue          Conj/Fire      ###..        3%          1    None

Your spell library contained the following spells:

 Spells                   Type           Power        Failure   Level  Hunger
 Throw Flame              Conj/Fire      ###...       4%          2    ##.....
 Conjure Flame            Conj/Fire      ###.....     10%         3    ###....
 Inner Flame              Hex/Fire       ##......     19%         3    ###....
 Sticky Flame             Conj/Fire      ###.....     32%         4    ####...
 Fireball                 Conj/Fire      ###.......   65%         5    ######.


Dungeon Overview and Level Annotations

Branches:
Dungeon (4/15)
 Temple: D:4-7

Altars:
Cheibriados
Ru
Sif Muna
Xom


Message History

A puff of flame appears from out of thin air!
The puff of flame hits you!
Casting: Flame Tongue (safe; 3% risk of failure)
Confirm with . or Enter, or press ? or * to list all spells.
Aiming: Flame Tongue (safe; 3% risk of failure)
Press: ? - help, Shift-Dir - straight line, f - orc
Aim: an orc, wearing a leather armour The flame tongue hits something.
Something hits you but does no damage.
Casting: Flame Tongue (safe; 3% risk of failure)
Confirm with . or Enter, or press ? or * to list all spells.
Aiming: Flame Tongue (safe; 3% risk of failure)
Press: ? - help, Shift-Dir - straight line, f/p - orc
Aim: an orc, wearing a leather armour The flame tongue hits the orc.
The orc is severely wounded.
You hear some strange, mumbled words.
A puff of flame appears from out of thin air!
The puff of flame hits you!
Ouch! That really hurt!
You die...

## ..
.# ###
.# ...
##(#
#.###@#
#.#{##
##o##
#o#.#
#.###.#
#. #.#
(. .#
##. #
#.


You could see 2 orcs.

Vanquished Creatures
  An adder (D:2)
  An ooze (D:3)
  A worm (D:2)
  2 dart slugs (D:1)
  A giant cockroach (D:2)
  7 goblins
  3 hobgoblins
  7 jackals
  A quokka (D:3)
  2 bats
  2 frilled lizards
  8 kobolds
  A rat (D:1)
37 creatures vanquished.

Notes
Turn   | Place    | Note
-------+----------+-------------------------------------------
     0 | D:1      | Napalmbreeze the Deep Elf Fire Elementalist began the quest
                  | for the Orb.
     0 | D:1      | Reached XP level 1. HP: 10/10 MP: 6/6
   474 | D:1      | Reached XP level 2. HP: 15/15 MP: 5/8
  1404 | D:2      | Reached XP level 3. HP: 11/19 MP: 2/10
  1500 | D:2      | Upgraded the game from 0.23-a0-151-gf6d1ed2717 to
                  | 0.23-a0-163-g800ba1ec23
  1776 | D:2      | Found a faded altar of an unknown god.
  1776 | D:2      | Found a faded altar of an unknown god.
  1791 | D:2      | Found a shimmering altar of Xom.
  1795 | D:2      | Found a deep blue altar of Sif Muna.
  1797 | D:2      | Found a sacrificial altar of Ru.
  2014 | D:2      | Found a snail-covered altar of Cheibriados.
  2856 | D:4      | Killed from afar by an orc wizard

Vault maps used:
D:1:      lemuel_arrival_river_ford
D:2:      chequers_temple_overflow_minitemple, cheibriados_altar_1
D:3:      first_ration, minmay_misc_feat_pillars, serial_bayou_pond_c,
          minmay_misc_feat_x
D:4:      temple_statues

Skill      XL: |  1  2  3 |
---------------+----------+-----
Conjurations   | 2 3 |  3.1
Dodging        | |  2.4
Stealth        | |  2.4
Spellcasting   | |  3.8
Fire Magic     | |  3.8

Action                   || total
-------------------------++-------
Melee: Short sword       ||     1
 Fire: Hunting sling     ||    30
Throw: Stone             ||    11
 Cast: Flame Tongue      ||    70
  Eat: Chunk             ||     4
Armor: Robe              ||    11
Dodge: Dodged            ||    18

Table legend:
 A = Non-vault XP
 B = Vault XP
 C = Vault XP percentage of total XP
 D = Non-vault monster count
 E = Vault monster count
 F = Vault count percentage of total count
                 A         B        C        D         E       F
            +---------+---------+-------+---------+---------+-------
      Total |      85 |       0 |   0.0 |      37 |       0 |   0.0
            +---------+---------+-------+---------+---------+-------
        D:1 |      20 |       0 |   0.0 |      11 |       0 |   0.0
        D:2 |      31 |       0 |   0.0 |       9 |       0 |   0.0
        D:3 |      28 |       0 |   0.0 |      14 |       0 |   0.0
        D:4 |       6 |       0 |   0.0 |       3 |       0 |   0.0
            +---------+---------+-------+---------+---------+-------
